 Dungeon Crawl Stone Soup version 0.16.2-12-gd0ad4c3 (webtiles) character file.

172636 faibistes the Eclecticist (level 17, -1/97 HPs)
             Began as a Deep Elf Wizard on Apr 10, 2019.
             Was the Champion of Sif Muna.
             Blown up by an orb spider (41 damage)
             ... with an orb of destruction
             ... on level 5 of the Spider Nest on Apr 12, 2019.
             The game lasted 02:59:01 (64963 turns).

faibistes the Eclecticist (Deep Elf Wizard)        Turns: 64963, Time: 02:59:01

Health: -1/97      AC: 12    Str:  4    XL:     17   Next: 41%
Magic:  9/50       EV: 18    Int: 31    God:    Sif Muna [******]
Gold:   572        SH:  0    Dex: 15    Spells: 11 memorised, 4 levels left

rFire  . . .     SeeInvis +     Q - staff of wizardry
rCold  + . .     Clarity  +     P - +2 robe {rC+}
rNeg   . . .     SustAb   .     (no shield)
rPois  .         Gourm    .     U - +1 hat {MR+}
rElec  .         Spirit   .     q - +2 cloak
rCorr  .         Warding  .     V - +1 pair of gloves
rMut   .         Stasis   .     a - +1 pair of boots
MR     ++...                    C - amulet of clarity
Stlth  ++........               M - ring of magical power
                                f - ring of see invisible

@: lethally poisoned (-1 -> -11), repel missiles, very resistant to hostile
enchantments, unstealthy
A: agile 1
a: Channel Energy, Forget Spell, Renounce Religion


You were on level 5 of the Spider Nest.
You worshipped Sif Muna.
Sif Muna was exalted by your worship.
You were hungry.

You visited 6 branches of the dungeon, and saw 33 of its levels.
You visited 1 bazaar.
You also visited: Bailey.

You collected 3982 gold pieces.
You spent 3410 gold pieces at shops.

Inventory:

Hand weapons
 b - the +8 glaive of Anxiety {drain, *Rage +Inv rElec rN++}
   (You found it on level 3 of the Lair of Beasts)

   A truly terrible weapon, it drains the life of those it strikes.
   It insulates you from electricity.
   It greatly protects you from negative energy.
   It lets you turn invisible.
   It may make you go berserk in combat.
 t - a +7 dagger of draining
 E - a +6 dagger of holy wrath
Armour
 a - a +1 pair of boots (worn)
 q - a +2 cloak (worn)
 P - a +2 robe of cold resistance (worn)
 U - a +1 hat of magic resistance (worn)
 V - a +1 pair of gloves (worn)
Magical staves
 Q - an uncursed staff of wizardry (weapon)
Jewellery
 f - a ring of see invisible (left hand)
 C - an amulet of clarity (around neck)
 M - a ring of magical power (right hand)
Magical devices
 l - a wand of slowing (30)
 v - a wand of fire (13)
 z - a wand of invisibility (4)
 B - a wand of cold (8)
 D - a wand of cold (7)
 K - a wand of cold (7)
 L - a wand of cold (1)
 O - a wand of teleportation (2)
 R - a wand of teleportation (4)
 W - a wand of digging (15)
 Z - a wand of enslavement (17)
Scrolls
 e - 2 scrolls of immolation
 g - 8 scrolls of remove curse
 o - 6 scrolls of blinking
 r - 6 scrolls of summoning
 s - 7 scrolls of teleportation
 u - 4 scrolls of fear
 y - a scroll of identify
 S - 7 scrolls of recharging
Potions
 c - a potion of cancellation
 i - 6 potions of haste
 n - 5 potions of brilliance
 w - 5 potions of ambrosia
 x - a potion of heal wounds
 A - 5 potions of restore abilities
 F - 2 potions of resistance
 G - 4 potions of invisibility
 I - 15 potions of curing
 J - 3 potions of magic
 N - a potion of flight
Miscellaneous
 k - a phial of floods
Comestibles
 d - 18 bread rations
 j - 11 meat rations
 m - 10 slices of pizza
 H - 4 royal jellies


   Skills:
 + Level 7.8 Fighting
 - Level 10.0 Dodging
 - Level 2.4 Stealth
 * Level 17.1 Spellcasting
 * Level 13.0 Conjurations
 + Level 10.9 Charms
   Level 1.1 Summonings
 + Level 9.6 Translocations
 - Level 3.3 Transmutations
 * Level 12.5 Fire Magic
 - Level 4.7 Air Magic
 * Level 12.7 Earth Magic
   Level 2.9 Poison Magic
 - Level 10.2 Invocations
 - Level 9.0 Evocations


You had 4 spell levels left.
You knew the following spells:

 Your Spells              Type           Power        Failure   Level  Hunger
a - Magic Dart            Conj           ####         0%          1    None
b - Ring of Flames        Chrm/Fire      #######...   4%          7    ####...
c - Iskenderun's Battles  Conj/Chrm      #######.     1%          5    None
d - Blink                 Tloc           N/A          1%          2    None
f - Repel Missiles        Chrm/Air       ######       1%          2    None
i - Ignite Poison         Fire/Trmt      ######....   1%          5    None
k - Airstrike             Air            ######....   1%          4    None
l - Lee's Rapid Deconstr  Erth           #######...   1%          5    None
v - Bolt of Fire          Conj/Fire      #######...   1%          6    #......
x - Force Lance           Conj/Tloc      #######.     1%          4    None
z - Fireball              Conj/Fire      #######...   1%          5    None


Dungeon Overview and Level Annotations

Branches:
Dungeon (13/15)            Temple (1/1) D:5            Lair (8/8) D:8
  Swamp (0/5) Lair:3       Spider (5/5) Lair:3        Slime (0/6) Lair:8
    Orc (4/4) D:12            Elf (2/3) Orc:3
 Vaults: D:13-14

Altars:
Ashenzari
Cheibriados
Dithmenos
Elyvilon
Fedhas
Gozag
Kikubaaqudgha
Makhleb
Nemelex Xobeh
Okawaru
Qazlal
Ru
Sif Muna
Trog
Vehumet
Xom
Yredelemnul
Zin
The Shining One
Beogh

Shops:
D:6 !   D:8 !   D:9 *}   Orc:1 ?   Orc:2 :   Orc:4 [}([


Innate Abilities, Weirdness & Mutations

You are agile. (Dex +2)


Message History

You feel sick.
The hornet is engulfed in roaring flames.
The orb spider is engulfed in a cloud of scalding steam.
An orb spider comes into view.
You disentangle yourself.
You feel very sick.
You feel a bit more experienced.
The orb spider moves out of view.
You feel sick.
You feel sick.
The orb spider spins a strand of pure energy.
You feel sick.
You feel sick.
Use which ability? (? or * to list)
You channel some magical energy.
You feel somewhat more hungry.
You feel sick.
The orb spider weaves a glowing orb of energy.
A ghost moth comes into view.
You feel sick.
You feel sick.
You feel sick. The orb of destruction hits you!
You die...

##..#####...######
#..##^#.^......#.^
##......^..##..##.. ≈ #
#######.....#.##..#^.#..#
s..#.#.#s.#......###..#####..#
#....§§§§§........####.#^...#
#....s^#.s§§..#...#.......###
..§§#y#.#.≈#^§....###....^####^
# #######^@...^#^.######.##
##....##^..#.##...#
#..###......#.)#..
###.....#.^##..#..
#.....#####...###
#..####^.#....##.
#.....#....####..
#.......#.###.... #^#.#..####
##..#


You could see an orb spider and a trapdoor spider.

Vanquished Creatures
  A deep elf blademaster (Elf:2)
  Asterion (Elf:2)
  Agnes (Spider:4)
  Roxanne (Spider:5)
  An orc warlord (Orc:4)
  A deep elf sorcerer (Elf:1)
  Gastronok (Lair:3)
  4 emperor scorpions
  Azrael (Elf:2)
  The ghost of faibistes the Eclecticist, a powerful DEWz of Sif Muna (Elf:1)
  A deep elf high priest (Elf:1)
  Fannar (Lair:2)
  8 hydras
  A catoblepas (Lair:7)
  17 dancing weapons
  3 death yaks (Lair:7)
  2 orc high priests
  Nergalle (Lair:3)
  19 deep elf knights
  A fire crab (Lair:6)
  7 deep elf summoners
  A lindwurm (Lair:5)
  A hill giant (D:12)
  4 orc knights (Bailey)
  7 hornets
  2 orc sorcerers (Orc:4)
  13 deep elf conjurers
  16 orb spiders
  6 elephants
  3 griffons
  A cyclops (D:11)
  2 ugly things
  31 wolf spiders
  5 torpor snails
  10 komodo dragons
  Psyche (Orc:3)
  2 gargoyles
  12 spiny frogs
  2 black mambas
  14 demonic crawlers
  A kobold demonologist (D:12)
  A spriggan druid (Lair:8)
  23 jumping spiders
  14 deep elf priests
  2 fire drakes
  2 trolls
  12 polar bears
  3 blink frogs
  2 boulder beetles
  3 slime creatures (D:12)
  23 trapdoor spiders
  2 two-headed ogres
  45 redbacks
  3 basilisks
  27 tarantellas
  21 deep elf magi
  A human (D:10)
  10 spriggans (Lair:8)
  3 wyverns
  2 hogs (D:10)
  25 yaks
  A golden eye (shapeshifter) (Elf:2)
  5 hippogriffs
  2 hungry ghosts
  6 wargs
  36 deep elf fighters
  2 fire elementals (Elf:2)
  A mottled dragon (D:11)
  A steam dragon (Lair:4)
  10 water moccasins
  29 wolves
  Edmund (D:4)
  10 swamp worms (Lair:6)
  A porcupine (shapeshifter) (Elf:2)
  13 ice beasts
  12 porcupines
  10 black bears
  4 phantoms
  3 hell hounds (Elf:2)
  A swamp drake (D:12)
  2 sky beasts
  45 spiders
  40 orc warriors
  5 wasps
  13 ogres
  3 centaurs
  3 big kobolds
  Sigmund (D:4)
  11 crocodiles
  25 giant frogs
  A giant frog (shapeshifter) (Elf:1)
  12 scorpions
  10 killer bees
  9 wights (D:10)
  4 electric eels
  6 crimson imps
  18 hounds
  A giant frog zombie (D:9)
  A goliath beetle (D:6)
  A centaur skeleton (D:6)
  3 quasits
  Crazy Yiuf (D:2)
  13 iguanas
  37 orc priests
  37 orc wizards
  A giant frog skeleton (D:9)
  5 hell rats
  Natasha (D:3)
  A killer bee zombie (D:7)
  7 sheep
  10 worker ants
  4 hound zombies
  Terence (D:3)
  2 worker ant zombies
  Robin (D:4)
  20 adders
  18 gnolls
  62 river rats
  4 shadow imps
  A giant mite (D:2)
  14 worms
  An adder zombie (D:8)
  An adder skeleton (D:4)
  267 orcs
  16 bats
  A bat skeleton (D:5)
  A bat zombie (D:5)
  47 hobgoblins
  25 kobolds
  16 quokkas
  4 ball pythons
  9 giant cockroaches
  9 giant geckos
  8 giant newts
  A giant spore (D:11)
  63 goblins
  4 jackals
  A jackal skeleton (D:5)
  19 rats
  6 ballistomycetes
  2 crawling corpses (Elf:2)
  A fungus (Elf:1)
  2 plants
1538 creatures vanquished.

Vanquished Creatures (collateral kills)
  A deep elf fighter (Elf:2)
  A big kobold (D:3)
  3 hell rats (Elf:2)
  Jessica (D:2)
  3 gnolls
  3 river rats
  8 orcs (Orc:4)
  3 goblins (D:3)
  4 hobgoblins (D:3)
27 creatures vanquished.

Vanquished Creatures (others)
  2 deep elf knights (Elf:1)
  2 deep elf conjurers (Elf:1)
  A deep elf priest (Elf:1)
  3 deep elf magi (Elf:1)
  2 deep elf fighters
  An iron imp (Lair:2)
  A shadow imp (Lair:1)
  3 giant spores
  2 ballistomycetes (D:8)
  A bush (Lair:6)
  40 fungi
  17 plants
  3 snaplasher vines
  157 snaplasher vine segments
235 creatures vanquished.

Grand Total: 1800 creatures vanquished

Notes
Turn   | Place    | Note
--------------------------------------------------------------
     0 | D:1      | faibistes, the Deep Elf Wizard, began the quest for the Orb.
     0 | D:1      | Reached XP level 1. HP: 10/10 MP: 6/6
   533 | D:1      | Reached XP level 2. HP: 15/15 MP: 8/10
   539 | D:1      | Learned a level 2 spell: Blink
   542 | D:1      | Learned a level 2 spell: Call Imp
   897 | D:1      | Reached skill level 5 in Spellcasting
   945 | D:2      | Noticed Jessica
   954 | D:2      | Killed Jessica
   954 | D:2      | Reached XP level 3. HP: 5/19 MP: 5/14
   959 | D:2      | Learned a level 3 spell: Conjure Flame
   963 | D:2      | Learned a level 3 spell: Mephitic Cloud
  1524 | D:2      | Noticed Crazy Yiuf
  1534 | D:2      | Killed Crazy Yiuf
  1760 | D:2      | Learned a level 2 spell: Repel Missiles
  1805 | D:2      | Reached XP level 4. HP: 22/24 MP: 10/17
  2087 | D:2      | Reached skill level 6 in Spellcasting
  2347 | D:2      | Noticed Robin
  2504 | D:2      | Reached XP level 5. HP: 28/28 MP: 17/20
  3179 | D:3      | Noticed Terence
  3188 | D:3      | Killed Terence
  3323 | D:3      | Noticed Natasha
  3328 | D:3      | Killed Natasha
  3934 | D:3      | Found a radiant altar of Vehumet.
  3961 | D:3      | Reached XP level 6. HP: 32/32 MP: 11/22
  4731 | D:3      | Reached skill level 1 in Fighting
  5101 | D:3      | Noticed a big kobold
  5103 | D:3      | Reached skill level 7 in Spellcasting
  5105 | D:3      | Noticed a big kobold
  5223 | D:3      | Killed a big kobold
  5252 | D:3      | Killed a big kobold
  5252 | D:3      | Reached XP level 7. HP: 29/40 MP: 2/25
  5878 | D:5      | Entered Level 5 of the Dungeon
  5961 | D:4      | Noticed Edmund
  5975 | D:4      | Killed Edmund
  6170 | D:4      | Reached skill level 8 in Spellcasting
  6170 | D:4      | Reached skill level 1 in Evocations
  6304 | D:4      | Killed Robin
  6485 | D:4      | Learned a level 3 spell: Stone Arrow
  6562 | D:5      | Reached skill level 5 in Dodging
  6630 | D:4      | Noticed a phantom
  6646 | D:4      | Killed a phantom
  6840 | D:4      | Noticed Sigmund
  6865 | D:4      | Killed Sigmund
  6865 | D:4      | Reached XP level 8. HP: 47/47 MP: 18/27
  7444 | D:5      | Reached skill level 9 in Spellcasting
  7836 | D:5      | Found a staircase to the Ecumenical Temple.
  7848 | Temple   | Entered the Ecumenical Temple
  7861 | Temple   | Became a worshipper of Sif Muna the Loreminder
  8435 | D:6      | Found a stormy altar of Qazlal.
  8723 | D:6      | Reached skill level 1 in Fire Magic
  8723 | D:6      | Reached skill level 1 in Poison Magic
  8880 | D:6      | Reached skill level 1 in Air Magic
  8880 | D:6      | Reached skill level 1 in Earth Magic
  8945 | D:6      | Acquired Sif Muna's first power
  9053 | D:6      | Found a white marble altar of Elyvilon.
  9353 | D:8      | Reached XP level 9. HP: 45/52 MP: 12/29
 10160 | D:8      | Reached skill level 10 in Spellcasting
 10197 | D:8      | Acquired Sif Muna's second power
 10343 | D:6      | Found a basalt altar of Yredelemnul.
 10344 | D:6      | Found a sparkling altar of Nemelex Xobeh.
 10512 | D:6      | Found a burning altar of Makhleb.
 10577 | D:6      | Found Chaitzij's Distillery.
 10585 | D:6      | Bought a potion of curing for 33 gold pieces
 10585 | D:6      | Bought a potion of magic for 88 gold pieces
 10585 | D:6      | Bought a potion of restore abilities for 55 gold pieces
 10585 | D:6      | Bought a potion of curing for 33 gold pieces
 10585 | D:6      | Bought a potion of poison for 11 gold pieces
 11210 | D:8      | Reached skill level 5 in Conjurations
 11536 | D:6      | Found a shadowy altar of Dithmenos.
 11844 | D:7      | Learned a level 4 spell: Petrify
 11850 | D:7      | Learned a level 5 spell: Lee's Rapid Deconstruction
 12034 | D:8      | Found a staircase to the Lair.
 12222 | D:8      | Found Zoept's Distillery.
 12228 | D:8      | Reached skill level 1 in Charms
 12274 | D:8      | Bought a potion of curing for 33 gold pieces
 12274 | D:8      | Bought a potion of flight for 33 gold pieces
 12274 | D:8      | Bought a potion of brilliance for 44 gold pieces
 12378 | D:8      | Reached skill level 1 in Transmutations
 12456 | Lair:1   | Entered Level 1 of the Lair of Beasts
 12563 | Lair:1   | Reached skill level 1 in Invocations
 12654 | Lair:2   | Noticed a spiny frog
 12657 | Lair:2   | Killed a spiny frog
 12657 | Lair:2   | Reached XP level 10. HP: 56/56 MP: 22/32
 13078 | Lair:1   | Found a frozen archway.
 13438 | Lair:1   | Reached skill level 11 in Spellcasting
 14032 | Lair:1   | Noticed a six-headed hydra
 14042 | Lair:1   | Killed a six-headed hydra
 14042 | Lair:1   | Acquired Sif Muna's third power
 14445 | Lair:1   | Reached skill level 5 in Fire Magic
 14607 | Lair:1   | Noticed a komodo dragon
 14615 | Lair:1   | Reached skill level 5 in Earth Magic
 14677 | Lair:1   | Killed a komodo dragon
 14815 | Lair:1   | Reached XP level 11. HP: 62/62 MP: 5/33
 15095 | Lair:3   | Found a staircase to the Swamp.
 15438 | Lair:2   | Noticed a spiny frog
 15590 | Lair:2   | Killed a spiny frog
 15974 | Lair:2   | Noticed a five-headed hydra
 15986 | Lair:2   | Killed a five-headed hydra
 17082 | Lair:2   | Reached skill level 5 in Invocations
 17131 | Lair:2   | Noticed an eight-headed hydra
 17139 | Lair:2   | Killed an eight-headed hydra
 17368 | Lair:2   | Reached skill level 5 in Charms
 17911 | Lair:2   | Reached skill level 5 in Evocations
 17962 | Lair:2   | Noticed Fannar
 17975 | Lair:2   | Killed Fannar
 18156 | Lair:2   | Reached skill level 12 in Spellcasting
 18744 | Lair:3   | Noticed Nergalle
 18752 | Lair:2   | Reached skill level 5 in Fighting
 19028 | Lair:3   | Killed Nergalle
 19183 | Lair:4   | Reached XP level 12. HP: 68/68 MP: 11/35
 19518 | Lair:4   | Received a gift from Sif Muna
 19614 | Lair:4   | Learned a level 5 spell: Iskenderun's Battlesphere
 19619 | Lair:4   | Learned a level 4 spell: Iskenderun's Mystic Blast
 19649 | Lair:4   | Learned a level 3 spell: Dazzling Spray
 19814 | Lair:3   | Reached skill level 5 in Translocations
 20277 | Lair:3   | Found a hole to the Spider Nest.
 20707 | Lair:3   | Noticed Gastronok
 20717 | Lair:3   | Killed Gastronok
 20968 | Lair:3   | Noticed a seven-headed hydra
 20982 | Lair:3   | Killed a seven-headed hydra
 21424 | Lair:3   | Got a slimy glaive
 21425 | Lair:3   | Identified the +8 glaive of Anxiety {drain, *Rage +Inv rElec rN++} (You found it on level 3 of the Lair of Beasts)
 22175 | Lair:4   | You fall through a shaft for 3 floors!
 22195 | Lair:8   | Entered Level 8 of the Lair of Beasts
 24908 | Lair:6   | Noticed a five-headed hydra
 24949 | Lair:6   | Killed a five-headed hydra
 25231 | Lair:7   | Reached XP level 13. HP: 70/73 MP: 15/36
 25279 | Lair:7   | Identified a scroll of acquirement
 25688 | Lair:6   | Received a gift from Sif Muna
 25689 | Lair:6   | Identified Sif Muna's Tome of Hadjma (Sif Muna gifted it to you on level 6 of the Lair of Beasts)
 26157 | Lair:2   | Learned a level 5 spell: Ignite Poison
 26168 | Lair:2   | Learned a level 6 spell: Bolt of Fire
 26607 | Lair:7   | Reached skill level 13 in Spellcasting
 26968 | Lair:7   | Noticed a catoblepas
 26981 | Lair:7   | Killed a catoblepas
 27864 | Lair:8   | Noticed a six-headed hydra
 27871 | Lair:8   | Killed a six-headed hydra
 28005 | Lair:8   | Found a staircase to the Slime Pits.
 30326 | Lair:8   | Reached XP level 14. HP: 20/80 MP: 13/37
 31865 | D:10     | Entered Level 10 of the Dungeon
 32760 | D:9      | Found Opakoaf's General Store.
 32767 | D:9      | Bought a scroll of teleportation for 33 gold pieces
 32767 | D:9      | Bought a potion of invisibility for 88 gold pieces
 33576 | D:9      | Found Ihuvun's Gadget Boutique.
 34004 | D:11     | Reached skill level 14 in Spellcasting
 34007 | D:11     | Found a flagged portal.
 34020 | Bailey   | Entered a bailey
 34714 | Bailey   | Received a gift from Sif Muna
 34715 | Bailey   | Identified Sif Muna's Volume of Blistering Battle Magic (Sif Muna gifted it to you in a bailey)
 34722 | Bailey   | Learned a level 5 spell: Fireball
 35598 | D:10     | Found a shimmering altar of Xom.
 36541 | D:11     | Gained mutation: You are agile. (Dex +2) [potion of beneficial mutation]
 37359 | D:12     | Found a staircase to the Orcish Mines.
 37783 | D:12     | Reached skill level 10 in Conjurations
 37950 | Orc:1    | Entered Level 1 of the Orcish Mines
 38124 | Orc:1    | Found Feunifra's Magic Scroll Boutique.
 38732 | Orc:4    | Entered Level 4 of the Orcish Mines
 38948 | Orc:1    | Bought a scroll of teleportation for 39 gold pieces
 38948 | Orc:1    | Bought a scroll of summoning for 123 gold pieces
 38948 | Orc:1    | Bought a scroll of identify for 26 gold pieces
 38948 | Orc:1    | Bought a scroll of identify for 26 gold pieces
 38948 | Orc:1    | Bought 2 scrolls of remove curse for 78 gold pieces
 39064 | Orc:2    | Found Caahol's Book Shop.
 40063 | Orc:2    | Bought a book of the Warp for 1530 gold pieces
 40726 | Lair:2   | Learned a level 4 spell: Force Lance
 40733 | Lair:2   | Learned a level 5 spell: Summon Forest
 41931 | Orc:3    | Noticed Psyche
 42172 | Orc:3    | Killed Psyche
 42584 | Orc:3    | Found a staircase to the Elven Halls.
 42827 | Orc:4    | Found a roughly hewn altar of Beogh.
 42935 | Orc:4    | Reached skill level 10 in Fire Magic
 43430 | Orc:4    | Found a roughly hewn altar of Beogh.
 43430 | Orc:4    | Found Qypuoxt's Gadget Shop.
 44791 | Orc:4    | Found a roughly hewn altar of Beogh.
 44813 | Orc:4    | Found an iron altar of Okawaru.
 44929 | Orc:4    | Found a roughly hewn altar of Beogh.
 45202 | Orc:4    | Found a roughly hewn altar of Beogh.
 45202 | Orc:4    | Found Caokoif's Antique Armour Emporium.
 45361 | Orc:4    | Noticed an orc warlord
 45363 | Orc:4    | Reached skill level 10 in Earth Magic
 45600 | Orc:4    | Found Qaopp's Antique Weapon Boutique.
 45600 | Orc:4    | Found a roughly hewn altar of Beogh.
 45603 | Orc:4    | Found Suumic Igak's Antique Armour Shop.
 45616 | Orc:4    | Bought a runed hat for 108 gold pieces
 45846 | Orc:4    | Found a roughly hewn altar of Beogh.
 46108 | Orc:4    | Killed an orc warlord
 46313 | Elf:1    | Entered Level 1 of the Elven Halls
 46351 | Elf:1    | Found a flickering gateway to a bazaar.
 46366 | Bazaar   | Entered a bazaar
 46379 | Bazaar   | Found Treuv's Jewellery Shoppe.
 46379 | Bazaar   | Found Bafrac's Book Shoppe.
 46415 | Bazaar   | Found Izxatzuss' Armour Emporium.
 46415 | Bazaar   | Found Kaukuik's Book Emporium.
 46458 | Bazaar   | Bought the Volume of Evil Rituals and Lightness for 399 gold pieces
 46470 | Bazaar   | Bought an uncursed ring of see invisible for 210 gold pieces
 46470 | Bazaar   | Bought an uncursed ring of wizardry for 420 gold pieces
 46670 | Elf:1    | Reached skill level 10 in Invocations
 46737 | Elf:1    | Reached XP level 15. HP: 84/84 MP: 36/39
 47423 | Elf:1    | Noticed faibistes' ghost (powerful DEWz)
 47689 | Lair:2   | Learned a level 4 spell: Airstrike
 48012 | Elf:1    | Killed faibistes' ghost
 48149 | Elf:2    | Noticed Asterion
 48155 | Elf:2    | Killed Asterion
 48369 | Elf:1    | Reached skill level 15 in Spellcasting
 48536 | Elf:1    | Received a gift from Sif Muna
 50244 | Elf:2    | Reached skill level 10 in Dodging
 50779 | Elf:2    | Found a huge runed gate.
 50780 | Elf:2    | Found a huge runed gate.
 50782 | Elf:2    | Found a huge runed gate.
 50782 | Elf:2    | Found a huge runed gate.
 50782 | Elf:2    | Found a huge runed gate.
 51387 | Elf:2    | Noticed Azrael
 51396 | Elf:2    | Killed Azrael
 51737 | Elf:2    | Noticed a deep elf blademaster
 51747 | Elf:2    | Killed a deep elf blademaster
 51976 | Elf:2    | Received a gift from Sif Muna
 51977 | Elf:2    | Identified Sif Muna's Compendium of Flames and Attacks (Sif Muna gifted it to you on level 2 of the Elven Halls)
 52016 | Elf:2    | Reached XP level 16. HP: 92/92 MP: 33/40
 53531 | Lair:2   | Learned a level 5 spell: Ignite Poison
 53607 | Spider:1 | Entered Level 1 of the Spider Nest
 54907 | Spider:1 | Reached skill level 16 in Spellcasting
 55005 | Spider:1 | You fall through a shaft!
 55885 | Spider:1 | Received a gift from Sif Muna
 56044 | Spider:1 | Reached skill level 10 in Charms
 60546 | Spider:3 | Reached XP level 17. HP: 96/96 MP: 39/41
 61088 | Spider:3 | Received a gift from Sif Muna
 61089 | Spider:3 | Identified Sif Muna's Tome of Excruciating Clay (Sif Muna gifted it to you on level 3 of the Spider Nest)
 61323 | Spider:5 | Entered Level 5 of the Spider Nest
 62430 | Spider:4 | Noticed Agnes
 62435 | Spider:4 | Killed Agnes
 64116 | Spider:5 | Identified the Almanac of Destructive Feathers (You acquired it on level 5 of the Spider Nest)
 64141 | Spider:5 | Noticed Roxanne
 64146 | Spider:5 | Killed Roxanne
 64230 | Spider:5 | Identified Roxanne's Incunabulum of Changing (You took it off Roxanne on level 5 of the Spider Nest)
 64493 | Lair:2   | Learned a level 7 spell: Ring of Flames
 64939 | Spider:5 | Reached skill level 17 in Spellcasting
 64963 | Spider:5 | Blown up by an orb spider

Action                   |  1- 3 |  4- 6 |  7- 9 | 10-12 | 13-15 | 16-18 || total
-------------------------+-------+-------+-------+-------+-------+-------++-------
Melee: Dagger            |     1 |     2 |    21 |       |       |       ||    24
       Staff             |       |       |       |     3 |     1 |       ||     4
 Cast: Magic Dart        |    49 |   259 |   402 |   200 |   229 |    28 ||  1167
       Call Imp          |     7 |    10 |       |    18 |       |       ||    35
       Mephitic Cloud    |     2 |    13 |    25 |     6 |     4 |       ||    50
       Conjure Flame     |     1 |     5 |    25 |    74 |    54 |       ||   159
       Repel Missiles    |     1 |     4 |     4 |     1 |     2 |     1 ||    13
       Stone Arrow       |       |       |    78 |   186 |       |       ||   264
       Blink             |       |       |    16 |    11 |    15 |    13 ||    55
       Lee's Rapid Decon |       |       |       |    48 |   117 |    24 ||   189
       Petrify           |       |       |       |    18 |       |       ||    18
       Dazzling Spray    |       |       |       |    61 |    10 |       ||    71
       Iskenderun's Myst |       |       |       |    46 |   104 |       ||   150
       Iskenderun's Batt |       |       |       |    21 |    76 |    26 ||   123
       Bolt of Fire      |       |       |       |       |   106 |    23 ||   129
       Ignite Poison     |       |       |       |       |    40 |   302 ||   342
       Fireball          |       |       |       |       |   309 |    40 ||   349
       Force Lance       |       |       |       |       |    49 |    48 ||    97
       Summon Forest     |       |       |       |       |     3 |     1 ||     4
       Airstrike         |       |       |       |       |    26 |    20 ||    46
Invok: Channel Energy    |       |       |       |    49 |    50 |    11 ||   110
       Forget Spell      |       |       |       |     1 |     4 |     2 ||     7
Evoke: Wand              |       |       |     5 |     6 |     4 |     3 ||    18
  Use: Scroll            |       |     4 |    12 |    11 |    27 |     9 ||    63
       Potion            |       |       |     1 |     2 |     6 |     3 ||    12
 Stab: Sleeping          |       |       |     1 |       |       |       ||     1
  Eat: Chunk             |     2 |    11 |    22 |    30 |    82 |     2 ||   149
       Fruit             |       |       |       |    10 |    10 |     5 ||    25
       Beef jerky        |       |       |       |     4 |     9 |     5 ||    18
       Meat ration       |       |       |       |     1 |       |       ||     1
       Pizza             |       |       |       |       |       |     8 ||     8
       Bread ration      |       |       |       |       |       |     3 ||     3
       Royal jelly       |       |       |       |       |       |     1 ||     1
